 Dungeon Crawl Stone Soup version 0.21.1-1-g345015f (webtiles) character file.

1187 Supahsalami the Agent of Entropy (level 8, -2/62 HPs)
             Began as a Demonspawn Abyssal Knight on June 14, 2018.
             Was a Priest of Lugonu.
             Slain by a gnoll
             ... wielding a +0 halberd of distortion
              (16 damage)
             ... on level 3 of the Dungeon.
             The game lasted 00:41:25 (8070 turns).

Supahsalami the Agent of Entropy (DsAK)             Turns: 8070, Time: 00:41:26

Health: -2/62      AC: 14    Str: 14    XL:     8   Next: 19%
Magic:  10/12      EV:  7    Int: 14    God:    Lugonu [***...]
Gold:   164        SH:  0    Dex: 13    Spells: 7/7 levels left

rFire    . . .     SeeInvis .   b - +0 blowgun
rCold    + . .     Gourm    .   (no shield)
rNeg     . . .     Faith    .   s - +0 chain mail
rPois    .         Spirit   .   (helmet restricted)
rElec    .         Reflect  .   l - +0 cloak
rCorr    .         Harm     .   (no gloves)
MR       +....                  E - +0 pair of boots
Stlth    ..........             (no amulet)
HPRegen  0.20/turn              q - ring of protection from magic
MPRegen  0.13/turn              v - ring of flight

@: no status effects
A: antennae 1, yellow scales 2, cold resistance 1
a: Depart the Abyss, Bend Space, Banish, Renounce Religion, Evoke Flight


You were on level 3 of the Dungeon.
You worshipped Lugonu.
Lugonu was most pleased with you.
You were very hungry.

You visited 2 branches of the dungeon, and saw 9 of its levels.
You visited the Abyss 1 time.
You also visited: Sewer.

You collected 164 gold pieces.

Inventory:

Hand Weapons
 a - a +2 hand axe
 b - a +0 blowgun (weapon)
Missiles
 j - 134 stones
 k - 17 poisoned needles (quivered)
Armour
 l - a +0 cloak (worn)
 s - a +0 chain mail (worn)
 x - a +0 plate armour
 E - a +0 pair of boots (worn)
Jewellery
 q - a ring of protection from magic (left hand)
 v - a ring of flight (right hand)
Wands
 A - a wand of scattershot (6)
 B - a wand of enslavement (23)
Scrolls
 d - a scroll of blinking
 h - 4 scrolls of teleportation
 i - 4 scrolls of remove curse
 p - 2 scrolls of enchant armour {unknown}
 t - a scroll of identify
 z - 2 scrolls of amnesia {unknown}
Potions
 e - 7 potions of curing
 f - 2 potions of haste {unknown}
 g - 6 potions of flight
 n - 2 potions of heal wounds
 o - a potion of lignification {unknown}
 r - a potion of brilliance
 u - a potion of magic {unknown}
 w - 2 potions of ambrosia {unknown}
 C - a potion of might
 D - a potion of berserk rage {unknown}
Books
 m - a book of Maledictions

   Spells                             Type                      Level
   a - Corona                         Hexes                        1
   b - Ensorcelled Hibernation        Hexes/Ice                    2
   c - Confuse                        Hexes                        3
   d - Tukima's Dance                 Hexes                        3
   e - Dazzling Spray                 Conjuration/Hexes            3
Comestibles
 c - 12 rations


   Skills:
 + Level 5.3 Fighting
 + Level 4.8 Axes
 + Level 4.1 Armour
 + Level 3.7 Dodging
 + Level 5.7 Invocations


You had 7 spell levels left.
You didn't know any spells.

Dungeon Overview and Level Annotations

Branches:
Dungeon (8/15)             Temple (1/1) D:5
   Lair: D:8-11

Altars:
Cheibriados
Dithmenos
Elyvilon
Fedhas
Gozag
Hepliaklqana
Kikubaaqudgha
Makhleb
Nemelex Xobeh
Okawaru
Qazlal
Ru
Sif Muna
Trog
Uskayaw
Vehumet
Wu Jian
Xom
Yredelemnul
Zin
The Shining One

Shops:
D:6 [*

Annotations:
D:4 exclusions: player ghost and 1 more exclusion, Ethylacetat's ghost, amateur DsFi
D:5 exclusion: upstairs
D:6 2 transporters


Innate Abilities, Weirdness & Mutations

You have a pair of small antennae on your head.
You are mostly covered in yellow scales. (AC +3)
Your flesh is cold resistant. (rC+)


Message History

You hit the gnoll.
The gnoll is moderately wounded.
The gnoll hits you with a halberd of distortion.
Space bends around you.
You hit the gnoll.
The gnoll is heavily wounded.
The gnoll hits you but does no damage. Space bends around you.
Space bends around you!
You blink.
Aiming: Scattershot
Press: ? - help, Shift-Dir - straight line, p - gnoll
Okay, then.
Space bends sharply around you!
You blink.
The gnoll hits you with a halberd of distortion.
* * * LOW HITPOINT WARNING * * *
You blink.
Wield which item (- for none, * to show all)? (? for menu, Esc to quit)
b - a +0 blowgun (weapon)
Space bends sharply around you!
You blink.
The gnoll hits you but does no damage. Space warps horribly around you!
You die...

#.##........#.......#
#.......######.##....
####.#### #.######
#.# #.# #.#### ##'##
##....# ##...##
#...#.# ##.....##
#.(...###.......##
##.@.####.........##
#....g.§'.........'.
##...####.........##
##.## ##.......###
#.# ##.....## #.#
##...## #.# ##'## #
#.# #.######
#.#########.÷..)).


You could see a gnoll.

Vanquished Creatures
  An ogre (D:5)
  3 centaurs
  A big kobold (Sewer)
  A scorpion (D:5)
  A water moccasin skeleton (D:3)
  2 howler monkeys
  A crimson imp (D:7)
  4 hounds
  2 bullfrog skeletons
  An orc wizard (D:3)
  An iguana (D:5)
  Ijyb (D:4)
  A worker ant (D:7)
  A hound skeleton (D:4)
  8 gnolls
  8 adders
  A river rat (Sewer)
  3 adder skeletons
  5 worms
  2 dart slugs
  A leopard gecko (D:1)
  11 orcs
  8 giant cockroaches
  7 hobgoblins
  4 jackals
  14 kobolds
  2 quokkas
  4 ball pythons
  5 bats
  7 frilled lizards
  8 goblins
  A jackal zombie (D:7)
  A leopard gecko zombie (D:5)
  8 rats
129 creatures vanquished.

Vanquished Creatures (others)
  A lurking horror (Abyss:1)
1 creature vanquished.

Grand Total: 130 creatures vanquished

Notes
Turn   | Place    | Note
-------+----------+-------------------------------------------
     0 | Abyss:1  | Supahsalami the Demonspawn Abyssal Knight began the quest for the Orb.
     0 | Abyss:1  | Reached XP level 1. HP: 18/18 MP: 2/2
   123 | Abyss:1  | Noticed a large abomination
   136 | Abyss:1  | Noticed a hungry ghost
   136 | Abyss:1  | Noticed an efreet
   152 | Abyss:1  | Noticed an ancient zyme
   165 | Abyss:1  | Noticed an orb spider
   172 | D:1      | Escaped the Abyss
   503 | D:1      | Gained mutation: You have a pair of small antennae on your head. [demonic ancestry]
   503 | D:1      | Reached XP level 2. HP: 20/24 MP: 3/3
  1379 | D:2      | Reached * piety under Lugonu
  1379 | D:2      | Reached skill level 1 in Dodging
  1379 | D:2      | Reached XP level 3. HP: 8/29 MP: 4/4
  1715 | D:2      | Found an opulent altar of Gozag.
  2074 | D:3      | Found a glowing drain.
  2087 | Sewer    | Entered a sewer
  2105 | Sewer    | Gained mutation: Your flesh is cold resistant. (rC+) [demonic ancestry]
  2105 | Sewer    | Reached XP level 4. HP: 16/37 MP: 6/6
  2361 | Sewer    | Noticed a big kobold
  2379 | Sewer    | Killed a big kobold
  2379 | Sewer    | Gained mutation: You are partially covered in yellow scales. (AC +2) [demonic ancestry]
  2379 | Sewer    | Reached XP level 5. HP: 20/42 MP: 7/7
  2607 | Sewer    | Found a glowing silver altar of Zin.
  3083 | D:2      | Found a glowing golden altar of the Shining One.
  3230 | D:2      | Reached ** piety under Lugonu
  3340 | D:2      | Found a white marble altar of Elyvilon.
  3969 | D:3      | Reached XP level 6. HP: 40/48 MP: 8/8
  4182 | D:5      | Entered Level 5 of the Dungeon
  4219 | D:6      | Found Satitu's Armour Emporium.
  4253 | D:6      | Found a transporter.
  4259 | D:6      | Noticed a kobold demonologist
  4281 | D:6      | Found a transporter.
  4345 | D:6      | Found Puenayc's General Store.
  4731 | D:5      | Found a radiant altar of Vehumet.
  4768 | D:5      | Gained mutation: You are mostly covered in yellow scales. (AC +3) [demonic ancestry]
  4768 | D:5      | Reached XP level 7. HP: 10/55 MP: 10/10
  5459 | D:4      | Reached skill level 5 in Invocations
  5536 | D:4      | Noticed Ethylacetat's ghost (amateur DsFi)
  5537 | D:4      | Reached skill level 5 in Fighting
  5745 | D:4      | Found an ancient bone altar of Kikubaaqudgha.
  5920 | D:4      | Noticed Ijyb
  6126 | D:4      | Killed Ijyb
  6198 | D:5      | Found a staircase to the Ecumenical Temple.
  6217 | Temple   | Entered the Ecumenical Temple
  6643 | D:5      | Found a stormy altar of Qazlal.
  6643 | D:5      | Found a bloodstained altar of Trog.
  6656 | D:5      | Reached XP level 8. HP: 36/62 MP: 12/12
  7521 | D:7      | Found a sacrificial altar of Ru.
  7980 | D:3      | Reached *** piety under Lugonu
  8070 | D:3      | Slain by a gnoll

Skill      XL: |  1  2  3  4  5  6  7 |
---------------+----------------------+-----
Axes           | 2 3 4 |  4.8
Armour         | 2 3 4 |  4.1
Dodging        | 1 2 3 |  3.7
Invocations    | 3 4 5 |  5.7
Fighting       | 4 5 |  5.3

Action                   |  1- 3 |  4- 6 |  7- 9 || total
-------------------------+-------+-------+-------++-------
Melee: Hand axe          |   139 |   246 |   240 ||   625
 Fire: Blowgun           |       |     5 |    15 ||    20
Throw: Stone             |     2 |    12 |    24 ||    38
       Tomahawk          |       |       |    15 ||    15
Invok: Depart the Abyss  |     1 |       |       ||     1
       Bend Space        |       |       |     3 ||     3
  Use: Scroll            |     4 |     1 |       ||     5
       Potion            |     1 |     3 |       ||     4
  Eat: Chunk             |     3 |     9 |     7 ||    19
       Ration            |       |       |     1 ||     1
Armor: Leather armour    |     9 |       |       ||     9
       Scale mail        |     5 |       |       ||     5
       Ring mail         |    54 |    47 |       ||   101
       Chain mail        |       |    74 |   151 ||   225
Dodge: Dodged            |   102 |   101 |    92 ||   295
